TOP OF THE 1ST |
Menlo Maniacs batting - Pitching for Balzac Rams : RHP Billy Jacobs
|
Pitching: RHP Billy Jacobs
|
|
Batting: SHB Ryan Holcomb
|
0-0: Called Strike 0-1: Foul Ball, location: 2F 0-2: Ball 1-2: Foul Ball, location: 2F 1-2: DOUBLE (Line Drive, 7LS)
|
Batting: RHB Joe Smith
|
0-0: Ball 1-0: SINGLE (Flyball, 89S) Ryan Holcomb to third
|
Batting: LHB Tim Ramsey
|
0-0: Foul Ball, location: 2F 0-1: Ball 1-1: Ball 2-1: Foul Ball, location: 2F 2-2: Foul Ball, location: 2F 2-2: Ball 3-2: Foul Ball, location: 2F 3-2: Strikes out swinging
|
Batting: LHB Dave Lee
|
0-0: Called Strike 0-1: SINGLE (Groundball, 56D) Ryan Holcomb scores Joe Smith to second
|
Batting: LHB Ken Smith
|
0-0: Ball Joe Smith is caught stealing 3rd base 1-0: Swinging Strike 1-1: Ball 2-1: Ball 3-1: Fly out, F3 (Line Drive, 3)
|
Top of the 1st over - 1 run, 3 hits, 0 errors, 1 left on base; Menlo 1 - Balzac 0 |
BOTTOM OF THE 1ST |
Balzac Rams batting - Pitching for Menlo Maniacs : LHP Patrick Carlson
|
Pitching: LHP Patrick Carlson
|
|
Batting: RHB Juan Jose López
|
0-0: Called Strike 0-1: Fly out, F7 (Flyball, 7S)
|
Batting: RHB Edgar Juárez
|
0-0: Ground out 5-3 (Groundball, 56S)
|
Batting: RHB Sam Lynch
|
0-0: Fly out, F9 (Flyball, 9LSF)
|
Bottom of the 1st over - 0 runs, 0 hits, 0 errors, 0 left on base; Menlo 1 - Balzac 0 |
TOP OF THE 2ND |
Menlo Maniacs batting - Pitching for Balzac Rams : RHP Billy Jacobs
|
Batting: RHB José Méndez
|
0-0: Foul Ball, location: 2F 0-1: Ball 1-1: Ball 2-1: Ball 3-1: Foul Ball, location: 2F 3-2: Ground out 6-3 (Groundball, 56)
|
Batting: RHB Jimmy Skinner
|
0-0: Ball 1-0: Ball 2-0: Ball 3-0: Called Strike 3-1: Foul Ball, location: 2F 3-2: Fly out, F7 (Flyball, 78M)
|
Batting: RHB Ian Howard
|
0-0: Foul Ball, location: 2F 0-1: Called Strike 0-2: Strikes out looking
|
Top of the 2nd over - 0 runs, 0 hits, 0 errors, 0 left on base; Menlo 1 - Balzac 0 |
BOTTOM OF THE 2ND |
Balzac Rams batting - Pitching for Menlo Maniacs : LHP Patrick Carlson
|
Batting: SHB Juan Soriano
|
0-0: Ball 1-0: Ball 2-0: SINGLE (Line Drive, 9S)
|
Batting: RHB Ricardo Toledo
|
0-0: Called Strike 0-1: Fly out, F8 (Line Drive, 78D)
|
Batting: SHB Alonso Contrera
|
0-0: Foul Ball, location: 2F 0-1: Ball 1-1: Swinging Strike 1-2: Foul Ball, location: 2F 1-2: Ball 2-2: Foul Ball, location: 2F 2-2: Strikes out swinging
|
Batting: LHB Dave Sanders
|
0-0: Ball 1-0: Called Strike 1-1: SINGLE (Line Drive, 8RM) Juan Soriano to second
|
Batting: RHB Luis Cardoza
|
0-0: SINGLE (Line Drive, 6MD) Juan Soriano to third Dave Sanders to second Runner from 3rd tries for Home, SAFE, no throw
|
Batting: LHB Jorge Luna
|
0-0: Ball 1-0: Ball 2-0: Ball 3-0: Called Strike 3-1: DOUBLE (Groundball, 5L) Dave Sanders scores Luis Cardoza to third
|
Batting: RHB Juan Jose López
|
0-0: Ball 1-0: Called Strike 1-1: Foul Ball, location: 2F 1-2: Strikes out swinging
|
Bottom of the 2nd over - 2 runs, 4 hits, 0 errors, 2 left on base; Menlo 1 - Balzac 2 |
TOP OF THE 3RD |
Menlo Maniacs batting - Pitching for Balzac Rams : RHP Billy Jacobs
|
Batting: RHB Miguel González
|
0-0: Ball 1-0: Ball 2-0: Foul Ball, location: 2F 2-1: Foul Ball, location: 2F 2-2: Ball 3-2: Strikes out looking
|
Batting: SHB Ryan Holcomb
|
0-0: Fly out, F7 (Flyball, 78D)
|
Batting: RHB Joe Smith
|
0-0: Ball 1-0: Foul Ball, location: 2F 1-1: Called Strike 1-2: Foul Ball, location: 2F 1-2: Ball 2-2: Ball 3-2: SINGLE (Flyball, 4MD)
|
Batting: LHB Tim Ramsey
|
0-0: Foul Ball, location: 2F 0-1: Ball 1-1: Fly out, F7 (Line Drive, 7LM)
|
Top of the 3rd over - 0 runs, 1 hit, 0 errors, 1 left on base; Menlo 1 - Balzac 2 |
BOTTOM OF THE 3RD |
Balzac Rams batting - Pitching for Menlo Maniacs : LHP Patrick Carlson
|
Batting: RHB Edgar Juárez
|
0-0: Ball 1-0: Called Strike 1-1: Ball 2-1: Called Strike 2-2: Fly out, F3 (Popup, 34S)
|
Batting: RHB Sam Lynch
|
0-0: Ball 1-0: Ball 2-0: Ball 3-0: Called Strike 3-1: Foul Ball, location: 2F 3-2: Ground out 6-3 (Groundball, 6)
|
Batting: SHB Juan Soriano
|
0-0: Ball 1-0: Foul Ball, location: 2F 1-1: DOUBLE (Line Drive, 7LD)
|
Batting: RHB Ricardo Toledo
|
0-0: Ground out 6-3 (Groundball, 6)
|
Bottom of the 3rd over - 0 runs, 1 hit, 0 errors, 1 left on base; Menlo 1 - Balzac 2 |
TOP OF THE 4TH |
Menlo Maniacs batting - Pitching for Balzac Rams : RHP Billy Jacobs
|
Batting: LHB Dave Lee
|
0-0: Ball 1-0: Ball 2-0: Ground out U3 (Groundball, 3)
|
Batting: LHB Ken Smith
|
0-0: Called Strike 0-1: Ball 1-1: Ball 2-1: Swinging Strike 2-2: Foul Ball, location: 2F 2-2: Foul Ball, location: 2F 2-2: Ball 3-2: Base on Balls
|
Batting: RHB José Méndez
|
0-0: Called Strike 0-1: Ball 1-1: Foul Ball, location: 2F 1-2: Foul Ball, location: 2F 1-2: Foul Ball, location: 2F 1-2: Strikes out swinging
|
Batting: RHB Jimmy Skinner
|
0-0: Ball Ken Smith steals 2nd base 1-0: Ball 2-0: Foul Ball, location: 2F 2-1: Foul Ball, location: 2F 2-2: Ball 3-2: Foul Ball, location: 2F 3-2: Base on Balls
|
Batting: RHB Ian Howard
|
0-0: DOUBLE (Line Drive, 7LM) Ken Smith scores Jimmy Skinner to third
|
Batting: RHB Miguel González
|
0-0: Ball 1-0: Ball 2-0: Ball Wild Pitch! Jimmy Skinner scores Ian Howard to third 3-0: Swinging Strike 3-1: Foul Ball, location: 2F 3-2: Strikes out looking
|
Top of the 4th over - 2 runs, 1 hit, 0 errors, 1 left on base; Menlo 3 - Balzac 2 |
BOTTOM OF THE 4TH |
Balzac Rams batting - Pitching for Menlo Maniacs : LHP Patrick Carlson
|
Batting: SHB Alonso Contrera
|
0-0: Ball 1-0: Ground out 6-3 (Groundball, 6)
|
Batting: LHB Dave Sanders
|
0-0: Foul Ball, location: 2F 0-1: SINGLE (Line Drive, 6D)
|
Batting: RHB Luis Cardoza
|
0-0: Called Strike 0-1: Ball 1-1: Called Strike 1-2: Ball 2-2: Foul Ball, location: 2F 2-2: Ball 3-2: Base on Balls Dave Sanders to second
|
Batting: LHB Jorge Luna
|
0-0: Called Strike 0-1: Ball 1-1: Ball 2-1: Ball 3-1: Called Strike 3-2: Base on Balls Dave Sanders to third Luis Cardoza to second
|
Batting: RHB Juan Jose López
|
0-0: DOUBLE (Groundball, 5L) Dave Sanders scores Luis Cardoza scores Jorge Luna to third Runner from 3rd tries for Home, SAFE, no throw
|
Batting: RHB Edgar Juárez
|
0-0: Called Strike 0-1: Hit by Pitch
|
Batting: RHB Sam Lynch
|
0-0: Ball 1-0: Ball 2-0: Swinging Strike 2-1: Ball 3-1: Foul Ball, location: 2F 3-2: Base on Balls Juan Jose López to third Edgar Juárez to second
|
Batting: SHB Juan Soriano
|
0-0: DOUBLE (Flyball, 8LXD) Juan Jose López scores Edgar Juárez scores Sam Lynch to third Runner from 3rd tries for Home, SAFE, no throw
|
Pitching: RHP Jesús Martínez
|
|
Batting: RHB Ricardo Toledo
|
0-0: Foul Ball, location: 2F 0-1: Foul Ball, location: 2F 0-2: Strikes out swinging
|
Batting: SHB Alonso Contrera
|
0-0: Foul Ball, location: 2F 0-1: Fly out, F3 (Line Drive, 34)
|
Bottom of the 4th over - 6 runs, 3 hits, 0 errors, 1 left on base; Menlo 3 - Balzac 8 |
TOP OF THE 5TH |
Menlo Maniacs batting - Pitching for Balzac Rams : RHP Billy Jacobs
|
Batting: SHB Ryan Holcomb
|
0-0: Called Strike 0-1: Ball 1-1: Foul Ball, location: 2F 1-2: Ball 2-2: Ball 3-2: SINGLE (Line Drive, 56)
|
Batting: RHB Joe Smith
|
0-0: Called Strike 0-1: Swinging Strike 0-2: Strikes out looking
|
Batting: LHB Tim Ramsey
|
0-0: Foul Ball, location: 2F 0-1: Foul Ball, location: 2F 0-2: Ball 1-2: SINGLE (Groundball, 34D) Ryan Holcomb to second Ryan Holcomb to third
|
Batting: LHB Dave Lee
|
0-0: Foul Ball, location: 2F 0-1: Called Strike 0-2: Ball Wild Pitch! Ryan Holcomb scores Tim Ramsey to second 1-2: Strikes out looking
|
Batting: LHB Ken Smith
|
0-0: Swinging Strike 0-1: SINGLE (Popup, 6D) Tim Ramsey to third Runner from 3rd tries for Home, SAFE, no throw
|
Pitching: LHP Roberto Galaz
|
|
Batting: RHB José Méndez
|
0-0: Ball 1-0: Foul Ball, location: 2F 1-1: Called Strike 1-2: Foul Ball, location: 2F 1-2: Fly out, F9 (Flyball, 9)
|
Top of the 5th over - 2 runs, 3 hits, 0 errors, 1 left on base; Menlo 5 - Balzac 8 |
BOTTOM OF THE 5TH |
Balzac Rams batting - Pitching for Menlo Maniacs : RHP Jesús Martínez
|
Batting: LHB Dave Sanders
|
0-0: Called Strike 0-1: SINGLE (Groundball, 6MS) (infield hit)
|
Batting: RHB Luis Cardoza
|
0-0: Ball 1-0: Ball 2-0: Ball 3-0: Grounds into double play, 6-4-3 (Groundball, 6)
|
Batting: LHB Jorge Luna
|
0-0: Ball 1-0: Called Strike 1-1: Foul Ball, location: 2F 1-2: Foul Ball, location: 2F 1-2: Ball 2-2: Strikes out looking
|
Bottom of the 5th over - 0 runs, 1 hit, 0 errors, 0 left on base; Menlo 5 - Balzac 8 |
TOP OF THE 6TH |
Menlo Maniacs batting - Pitching for Balzac Rams : LHP Roberto Galaz
|
Batting: RHB Jimmy Skinner
|
0-0: Called Strike 0-1: Ball 1-1: Called Strike 1-2: Foul Ball, location: 2F 1-2: Foul Ball, location: 2F 1-2: Foul Ball, location: 2F 1-2: Ground out 6-3 (Groundball, 6)
|
Batting: RHB Ian Howard
|
0-0: Fly out, F9 (Flyball, 9)
|
Batting: RHB Miguel González
|
0-0: Foul Ball, location: 2F 0-1: Foul Ball, location: 2F 0-2: Ball 1-2: Ball 2-2: Strikes out swinging
|
Top of the 6th over - 0 runs, 0 hits, 0 errors, 0 left on base; Menlo 5 - Balzac 8 |
BOTTOM OF THE 6TH |
Balzac Rams batting - Pitching for Menlo Maniacs : RHP Jesús Martínez
|
Batting: RHB Juan Jose López
|
0-0: Foul Ball, location: 2F 0-1: Ball 1-1: Ball 2-1: Called Strike 2-2: Ball 3-2: Foul Ball, location: 2F 3-2: Base on Balls
|
Batting: RHB Edgar Juárez
|
0-0: Called Strike 0-1: Ball 1-1: Ball 2-1: Foul Ball, location: 2F 2-2: Foul Ball, location: 2F 2-2: SINGLE (Line Drive, 6MD) Juan Jose López to second
|
Batting: RHB Sam Lynch
|
0-0: Called Strike 0-1: Foul Ball, location: 2F 0-2: Ball 1-2: Ball 2-2: Strikes out looking
|
Batting: SHB Juan Soriano
|
0-0: Called Strike 0-1: Ball 1-1: Foul Ball, location: 2F 1-2: Ball 2-2: Ball 3-2: Strikes out looking
|
Batting: RHB Ricardo Toledo
|
0-0: Ball Balk! Juan Jose López to third Edgar Juárez to second 1-0: Called Strike 1-1: Ball 2-1: SINGLE (Groundball, 25) (infield hit) Juan Jose López scores Edgar Juárez to third
|
Batting: SHB Alonso Contrera
|
0-0: Called Strike 0-1: Foul Ball, location: 2F 0-2: Foul Ball, location: 2F 0-2: Foul Ball, location: 2F 0-2: Foul Ball, location: 2F 0-2: Foul Ball, location: 2F 0-2: Ball 1-2: Strikes out swinging
|
Bottom of the 6th over - 1 run, 2 hits, 0 errors, 2 left on base; Menlo 5 - Balzac 9 |
TOP OF THE 7TH |
Menlo Maniacs batting - Pitching for Balzac Rams : LHP Roberto Galaz
|
Batting: SHB Ryan Holcomb
|
0-0: DOUBLE (Line Drive, 7LM)
|
Batting: RHB Joe Smith
|
0-0: Called Strike 0-1: Ball 1-1: Ball 2-1: Foul Ball, location: 2F 2-2: Foul Ball, location: 2F 2-2: Strikes out swinging
|
Batting: LHB Tim Ramsey
|
0-0: Ball Ryan Holcomb steals 3rd base 1-0: Ball 2-0: Called Strike 2-1: Ground out 4-3 (Groundball, 4) Ryan Holcomb scores
|
Batting: LHB Dave Lee
|
0-0: Ball 1-0: Swinging Strike 1-1: SINGLE (Flyball, 7LS)
|
Batting: LHB Ken Smith
|
0-0: Ball Wild Pitch! Dave Lee to second 1-0: Swinging Strike 1-1: Swinging Strike 1-2: Ball 2-2: Ball 3-2: Strikes out swinging
|
Top of the 7th over - 1 run, 2 hits, 0 errors, 1 left on base; Menlo 6 - Balzac 9 |
BOTTOM OF THE 7TH |
Balzac Rams batting - Pitching for Menlo Maniacs : RHP Jesús Martínez
|
Batting: LHB Dave Sanders
|
0-0: Called Strike 0-1: Ball 1-1: SINGLE (Groundball, 4D)
|
Batting: RHB Luis Cardoza
|
0-0: Bunt missed! 0-1: Ball 1-1: Ball 2-1: Sac Bunt - play at first, batter OUT! 2-4 Dave Sanders to second
|
Batting: LHB Jorge Luna
|
0-0: Ball 1-0: Ball 2-0: Called Strike 2-1: Ground out 6-3 (Groundball, 6M) Dave Sanders to third
|
Batting: RHB Juan Jose López
|
0-0: Ball 1-0: Foul Ball, location: 2F 1-1: Ball 2-1: Ball 3-1: Ground out 5-3 (Groundball, 5)
|
Bottom of the 7th over - 0 runs, 1 hit, 0 errors, 1 left on base; Menlo 6 - Balzac 9 |
TOP OF THE 8TH |
Menlo Maniacs batting - Pitching for Balzac Rams : LHP Roberto Galaz
|
Batting: RHB José Méndez
|
0-0: Ball 1-0: Called Strike 1-1: Swinging Strike 1-2: SINGLE (Groundball, 34D)
|
Batting: RHB Jimmy Skinner
|
0-0: Ball 1-0: Ball 2-0: Ball 3-0: Base on Balls José Méndez to second
|
Batting: RHB Ian Howard
|
0-0: Ball 1-0: Ball 2-0: Called Strike 2-1: Foul Ball, location: 2F 2-2: Foul Ball, location: 2F 2-2: Foul Ball, location: 2F 2-2: Fly out, F7 (Flyball, 7D)
|
Batting: RHB Miguel González
|
0-0: Ball 1-0: Ball 2-0: Called Strike 2-1: Fly out, F9 (Line Drive, 9)
|
Batting: SHB Ryan Holcomb
|
0-0: Ball 1-0: Ball 2-0: Called Strike 2-1: Swinging Strike 2-2: Strikes out swinging
|
Top of the 8th over - 0 runs, 1 hit, 0 errors, 2 left on base; Menlo 6 - Balzac 9 |
BOTTOM OF THE 8TH |
Balzac Rams batting - Pitching for Menlo Maniacs : RHP Jesús Martínez
|
Pitching: RHP Brad Small
|
|
Batting: RHB Edgar Juárez
|
0-0: Ball 1-0: Foul Ball, location: 2F 1-1: Ball 2-1: Foul Ball, location: 2F 2-2: DOUBLE (Line Drive, 7D)
|
Batting: RHB Sam Lynch
|
0-0: Intentional Walk
|
Batting: SHB Juan Soriano
|
0-0: Swinging Strike 0-1: Foul Ball, location: 2F 0-2: Ball 1-2: Strikes out swinging
|
Batting: RHB Ricardo Toledo
|
0-0: Called Strike Edgar Juárez steals 3rd base 0-1: Ball 1-1: Ball 2-1: Ball 3-1: Called Strike 3-2: Base on Balls Sam Lynch to second
|
Batting: SHB Alonso Contrera
|
0-0: Called Strike 0-1: Ball 1-1: Ball 2-1: Ball 3-1: Foul Ball, location: 2F 3-2: Grounds into fielders choice 3-2 (Groundball, 3L) Sam Lynch to third Ricardo Toledo to second
|
Batting: LHB Dave Sanders
|
0-0: Foul Ball, location: 2F 0-1: Foul Ball, location: 2F 0-2: Ball 1-2: Ball 2-2: Fielders Choice at 2nd, 6-4 (Groundball, 6)
|
Bottom of the 8th over - 0 runs, 1 hit, 0 errors, 3 left on base; Menlo 6 - Balzac 9 |
TOP OF THE 9TH |
Menlo Maniacs batting - Pitching for Balzac Rams : LHP Roberto Galaz
|
Batting: RHB Joe Smith
|
0-0: Called Strike 0-1: Called Strike 0-2: Ball 1-2: Strikes out swinging
|
Batting: LHB Tim Ramsey
|
0-0: Ball 1-0: Ball 2-0: Ground out 4-3 (Groundball, 4)
|
Pitching: RHP Bryan Glover
|
|
Batting: LHB Dave Lee
|
0-0: Ball 1-0: Called Strike 1-1: Ball 2-1: Ball 3-1: Called Strike 3-2: Fly out, F8 (Line Drive, 8LM)
|
Top of the 9th over - 0 runs, 0 hits, 0 errors, 0 left on base; Menlo 6 - Balzac 9 |
|